 Dungeon Crawl Stone Soup version 0.23.2-11-gf996548c65 (webtiles) character file.

Game seed: 5482925559630548433

503 Revguard the Chopper (level 7, -4/60 HPs)
             Began as a Hill Orc Fighter on June 3, 2019.
             Was a Follower of Beogh.
             Slain by a gnoll
             ... wielding a +0 spear
              (8 damage)
             ... on level 3 of the Dungeon.
             The game lasted 00:07:38 (2844 turns).

Revguard the Chopper (Hill Orc Fighter)             Turns: 2844, Time: 00:07:41

Health: -4/60      AC:  7    Str: 20    XL:     7   Next: 17%
Magic:  8/8        EV:  8    Int:  8    God:    Beogh [*.....]
Gold:   180        SH:  9    Dex: 11    Spells: 6/6 levels left

rFire    . . .     SeeInvis .   a - +0 war axe
rCold    . . .     Gourm    .   c - +0 shield
rNeg     . . .     Faith    .   b - +0 scale mail
rPois    .         Spirit   .   (no helmet)
rElec    .         Reflect  .   (no cloak)
rCorr    .         Harm     .   (no gloves)
MR       .....     Clarity  +   (no boots)
Stlth    +.........             (no amulet)
HPRegen  0.20/turn              o - ring of stealth
MPRegen  0.11/turn              (no ring)

@: very slightly contaminated, invisible
A: clarity, MP-powered wands
a: Renounce Religion


You were on level 3 of the Dungeon.
You worshipped Beogh.
Beogh was aware of your devotion.
You were hungry.

You visited 1 branch of the dungeon, and saw 3 of its levels.

You collected 180 gold pieces.

Inventory:

Hand Weapons
 a - a +0 war axe (weapon)
Armour
 b - a +0 scale mail (worn)
 c - a +0 shield (worn)
Jewellery
 o - a ring of stealth (left hand)
Scrolls
 e - 2 scrolls of identify
 g - 2 scrolls of remove curse
 i - 2 scrolls of teleportation
 k - a scroll of magic mapping
 n - a scroll of amnesia {unknown}
 p - a scroll of fear {unknown}
Potions
 m - 2 potions of curing
Comestibles
 f - 6 rations
 j - 2 chunks of flesh


   Skills:
 + Level 4.7 Fighting
 + Level 5.9 Axes
 * Level 5.1 Armour
 + Level 0.8 Dodging
 + Level 4.7 Shields
 * Level 2.6 Invocations


You had 6 spell levels left.
You didn't know any spells.
Your spell library was empty.

Dungeon Overview and Level Annotations

Branches:
Dungeon (3/15)

Altars:
Ashenzari


Innate Abilities, Weirdness & Mutations

You possess an exceptional clarity of mind.
You expend magic power (3 MP) to strengthen your wands.


Message History

Things that are here:
a +0 whip; a +0 leather armour; a gnoll corpse You barely miss the gnoll.
The gnoll is heavily wounded.
You hit the gnoll. The gnoll hits you but does no damage. The gnoll hits you.
The gnoll hits you from afar with a +0 spear.
* * * LOW HITPOINT WARNING * * *
The gnoll hits you from afar with a +0 spear!
* * * LOW HITPOINT WARNING * * *
You feel much better.
The gnoll hits you but does no damage. x2
The gnoll barely misses you.
The gnoll hits you from afar with a +0 spear.
* * * LOW HITPOINT WARNING * * *
You fade into invisibility!
The gnoll hits you with a +0 whip!
* * * LOW HITPOINT WARNING * * *
The gnoll hits you.
* * * LOW HITPOINT WARNING * * *
The gnoll hits you from afar with a +0 spear!
You die...

#............)...............#.gg
#############)))'#############...
# #....# .#+## #....# g.. #. .
#....# ...# #.
''#######..(.#########''# #.
........#....#........... #.
........'.gg.'..8#..... #.
........'.gg@'.)8#..# #.
........#8..8#)).)..# #.
##################### #. # #'##
##############################...
#............................#.g.
#≈≈≈≈≈≈≈≈≈≈≈≈≈≈≈≈≈≈≈≈≈≈≈≈≈≈≈≈####
≈≈≈≈≈≈≈≈≈≈≈≈≈≈≈≈≈≈≈≈≈≈≈≈≈≈≈≈≈≈≈≈≈
≈≈≈≈≈≈≈≈≈≈≈≈≈≈≈≈≈≈≈≈≈≈≈≈≈≈≈≈≈≈≈≈≈


You could see 4 gnolls.

Vanquished Creatures
  A gnoll sergeant (D:3)
  4 gnoll shamans (D:3)
  17 gnolls (D:3)
  6 adders
  An ooze (D:1)
  3 worms (D:3)
  A dart slug (D:1)
  4 leopard geckos
  2 orcs
  2 giant cockroaches (D:1)
  8 goblins
  10 hobgoblins
  17 jackals (D:3)
  2 quokkas
  A ball python (D:3)
  7 bats
  5 frilled lizards
  8 kobolds
  5 rats
104 creatures vanquished.

Vanquished Creatures (others)
  An orc (D:3)
  A jackal (D:3)
  A bat (D:3)
  A frilled lizard (D:3)
4 creatures vanquished.

Grand Total: 108 creatures vanquished

Notes
Turn   | Place    | Note
-------+----------+-------------------------------------------
     0 | D:1      | Revguard the Hill Orc Fighter began the quest for the Orb.
     0 | D:1      | Reached XP level 1. HP: 19/19 MP: 1/1
    59 | D:1      | Reached XP level 2. HP: 27/27 MP: 2/2
   149 | D:1      | Reached XP level 3. HP: 32/33 MP: 3/3
   530 | D:1      | Gained mutation: You have large cloven feet. [potion of
                  | mutation]
   530 | D:1      | Lost mutation: You have large cloven feet. [potion of
                  | mutation]
   530 | D:1      | Gained mutation: Armour fits poorly on your strangely
                  | shaped body. [potion of mutation]
   530 | D:1      | Gained mutation: You are resistant to hostile enchantments.
                  | (MR+) [potion of mutation]
   531 | D:1      | Lost mutation: Armour fits poorly on your strangely shaped
                  | body. [potion of mutation]
   531 | D:1      | Lost mutation: You are resistant to hostile enchantments.
                  | (MR+) [potion of mutation]
   531 | D:1      | Gained mutation: You expend magic power (3 MP) to
                  | strengthen your wands. [potion of mutation]
   531 | D:1      | Gained mutation: You possess an exceptional clarity of
                  | mind. [potion of mutation]
  1134 | D:2      | Found a shattered altar of Ashenzari.
  1269 | D:2      | Reached XP level 4. HP: 35/40 MP: 4/4
  1688 | D:3      | Became a worshipper of Beogh the Brigand
  2023 | D:3      | Reached XP level 5. HP: 26/46 MP: 5/5
  2478 | D:3      | Reached * piety under Beogh
  2616 | D:3      | Reached skill level 1 in Invocations
  2753 | D:3      | Reached XP level 6. HP: 43/53 MP: 6/6
  2774 | D:3      | Reached skill level 5 in Axes
  2817 | D:3      | Reached skill level 5 in Armour
  2817 | D:3      | Reached XP level 7. HP: 28/60 MP: 8/8
  2844 | D:3      | Slain by a gnoll

Skill      XL: |  1  2  3  4  5  6 |
---------------+-------------------+-----
Fighting       | 4 |  4.7
Axes           | 3 4 5 |  5.9
Armour         | 4 5 |  5.1
Shields        | 4 |  4.7
Invocations    | 1 2 |  2.6
Dodging        | |  0.8

Action                   |  1- 3 |  4- 6 |  7- 9 || total
-------------------------+-------+-------+-------++-------
Melee: War axe           |   107 |   180 |     9 ||   296
Invok: Convert to Beogh  |       |     1 |       ||     1
  Use: Potion            |     4 |     4 |     2 ||    10
       Scroll            |     2 |     4 |       ||     6
 Stab: Invisible         |       |     1 |     2 ||     3
  Eat: Chunk             |     1 |     5 |       ||     6
Armor: Scale mail        |    54 |    63 |     9 ||   126
       Skin              |       |     9 |       ||     9
Dodge: Dodged            |    33 |    64 |     4 ||   101
Block: Shield            |    77 |   122 |     4 ||   203
